 Dungeon Crawl Stone Soup version 0.24-a0-341-g52ca42d3ec (webtiles) character file.

Game seed: 12189432539930203916

1272 MisterFreud the Changer (level 8, 0/48 HPs)
             Began as an Octopode Transmuter on May 20, 2019.
             Was an Initiate of Cheibriados.
             Slain by a gnoll
             ... wielding a +0 whip
              (7 damage)
             ... on level 5 of the Dungeon.
             The game lasted 00:13:10 (5851 turns).

MisterFreud the Changer (Octopode Transmuter)       Turns: 5851, Time: 00:13:11

Health: 0/48       AC:  1    Str: 11    XL:     8   Next: 53%
Magic:  14/14      EV: 15    Int: 18    God:    Cheibriados [......]
Gold:   264        SH:  0    Dex: 13    Spells: 4/15 levels left

rFire    . . .     SeeInvis .     - Unarmed
rCold    . . .     Gourm    .   (no shield)
rNeg     . . .     Faith    .   (helmet restricted)
rPois    .         Spirit   .   z - amulet of regeneration
rElec    .         Reflect  .   k - ring of stealth
rCorr    .         Harm     .   (no ring)
MR       .....                  (no ring)
Stlth    +++.......             (no ring)
HPRegen  0.56/turn              (no ring)
MPRegen  0.14/turn              (no ring)
                                (no ring)
                                (no ring)

@: very slow
A: almost no armour, stealthy swim, amphibious, 8 rings, constrict 8, camouflage
1, gelatinous body 1
a: Bend Time, Renounce Religion


You were on level 5 of the Dungeon.
You worshipped Cheibriados.
Cheibriados was noncommittal.
You were not hungry.

You visited 2 branches of the dungeon, and saw 7 of its levels.

You collected 264 gold pieces.

Inventory:

Missiles
 a - 119 arrows
 b - 48 sling bullets
 d - 145 stones (quivered)
 f - 23 poisoned darts
 i - 21 bolts
 r - 4 silver boomerangs
 s - 2 boomerangs
Jewellery
 j - an uncursed amulet of magic regeneration
 k - a ring of stealth (left tentacle)
 z - an amulet of regeneration (around mantle)
Wands
 q - a wand of digging (2)
 y - a wand of polymorph (6)
 A - a wand of flame (2)
 C - a wand of paralysis (10)
Scrolls
 g - 3 scrolls of remove curse
 m - a scroll of enchant armour
 n - 2 scrolls of fog
 p - a scroll of immolation
 x - a scroll of amnesia
Potions
 e - 3 potions of curing
 h - a potion of ambrosia
 l - a potion of lignification
 o - 2 potions of mutation
 t - a potion of berserk rage
 u - a potion of cancellation
 w - a potion of flight
 D - a potion of resistance
Comestibles
 c - 14 rations
 v - a chunk of flesh


   Skills:
 - Level 1.0 Fighting
 + Level 4.5 Dodging
 - Level 6.1 Unarmed Combat
 - Level 4.2 Spellcasting
 - Level 6.3 Transmutations


You had 4 spell levels left.
You knew the following spells:

 Your Spells              Type           Power        Failure   Level  Hunger
a - Beastly Appendage     Tmut           ####..       1%          1    None
b - Sticks to Snakes      Tmut           ####....     1%          2    ##.....
c - Spider Form           Tmut/Pois      ###.......   12%         3    ###....
d - Blade Hands           Tmut           ####......   30%         5    ######.

Your spell library contained the following spells:

 Spells                   Type           Power        Failure   Level  Hunger
 Ice Form                 Ice/Tmut       ###.....     36%         4    ####...


Dungeon Overview and Level Annotations

Branches:
Dungeon (6/15)             Temple (1/1) D:5

Altars:
Ashenzari
Cheibriados
Elyvilon
Fedhas
Makhleb
Okawaru
Ru
Uskayaw
Wu Jian
Yredelemnul
Jiyva


Innate Abilities, Weirdness & Mutations

You cannot wear most types of armour.
You are very stealthy in the water. (Stealth+)
You are amphibious.
You can wear up to eight rings at the same time.
You can use your tentacles to constrict eight enemies at once.
Your skin changes colour to match your surroundings (Stealth+).
Your rubbery body absorbs attacks. (AC +1, EV +1)


Message History

Items here: )) [[ † a +2 hand axe of flaming; a +0 ring mail; a +0 hand axe; a +0 scale mail an orc corpse The gnoll drinks a potion.
The gnoll seems to speed up.
Found a glaive.
The gnoll closely misses you. The gnoll misses you.
There is a stone staircase leading up here.
The orc shouts!
You hear a shout!
You hear a chilling moan.
The gnoll hits you with a +0 halberd! The gnoll closely misses you.
The gnoll hits you with a +0 halberd!!
* * * LOW HITPOINT WARNING * * *
The gnoll shouts!
You climb upwards.
There is a stone staircase leading down here.
As you read the scroll labeled IRHAGG MITAV BOE, it crumbles to dust.
It is a scroll of amnesia.
Okay, then.
The gnoll hits you with a +0 whip!
You die...

###############
#.............#
#...g.........#######
#...@g...............
#.............#######
#.............# #....
#.............###....
####.................
###.##########....
#######.......# #....
#.......#####.# #....
#........# #)# #....


You could see 2 gnolls.

Vanquished Creatures
  Sigmund (D:4)
  Duvessa (D:4)
  An ice beast (D:6)
  3 centaurs (D:5)
  An ogre (D:4)
  Blork the orc (D:4)
  A bullfrog (D:5)
  Dowan (D:4)
  A howler monkey (D:6)
  2 crimson imps
  A jelly (D:5)
  Crazy Yiuf (D:3)
  An orc priest (D:6)
  A worker ant (D:4)
  A hound zombie (D:5)
  Robin (D:1)
  6 adders
  2 oozes
  2 worms
  A dart slug (D:1)
  3 leopard geckos
  13 orcs
  2 ball pythons
  4 giant cockroaches
  14 goblins
  9 hobgoblins
  4 jackals (D:2)
  5 quokkas
  11 bats
  6 frilled lizards
  8 kobolds
  A leopard gecko skeleton (D:4)
  5 rats
115 creatures vanquished.

Notes
Turn   | Place    | Note
-------+----------+-------------------------------------------
     0 | D:1      | MisterFreud the Octopode Transmuter began the quest for the
                  | Orb.
     0 | D:1      | Reached XP level 1. HP: 13/13 MP: 3/3
   447 | D:1      | Reached XP level 2. HP: 12/18 MP: 3/5
  1181 | D:2      | Noticed Robin
  1219 | D:1      | Reached XP level 3. HP: 3/23 MP: 6/6
  1544 | D:1      | Killed Robin
  1815 | D:2      | Reached XP level 4. HP: 28/28 MP: 8/8
  2181 | D:2      | Learned a level 2 spell: Sticks to Snakes
  2185 | D:2      | Learned a level 3 spell: Spider Form
  2509 | D:3      | Found a runed translucent door.
  2510 | D:3      | Noticed Crazy Yiuf
  2743 | D:3      | Reached XP level 5. HP: 28/33 MP: 9/9
  3463 | D:3      | Killed Crazy Yiuf
  3463 | D:3      | Reached skill level 5 in Transmutations
  3546 | D:4      | Noticed Blork the orc
  3557 | D:4      | Killed Blork the orc
  3557 | D:4      | Reached XP level 6. HP: 38/38 MP: 11/11
  3585 | D:4      | Noticed Duvessa
  3586 | D:4      | Noticed Dowan
  4185 | D:4      | Found an ornate altar of the Wu Jian Council.
  4276 | D:4      | Noticed Sigmund
  4293 | D:4      | Killed Sigmund
  4293 | D:4      | Reached XP level 7. HP: 43/43 MP: 9/13
  4462 | D:4      | Learned a level 5 spell: Blade Hands
  4551 | D:4      | Killed Duvessa
  4571 | D:4      | Killed Dowan
  4628 | D:5      | Entered Level 5 of the Dungeon
  4652 | D:5      | Found a staircase to the Ecumenical Temple.
  4666 | Temple   | Entered the Ecumenical Temple
  4786 | Temple   | Became a worshipper of Cheibriados the Contemplative
  4888 | D:5      | Reached skill level 5 in Unarmed Combat
  4970 | D:5      | Reached XP level 8. HP: 24/48 MP: 11/14
  5851 | D:5      | Slain by a gnoll

Levels and vault maps discovered:
D:1:      shiori_arrival_oz, layout_loops_ring, hangedman_decor_clover_reticule
D:2:      layout_basic, uniq_robin
D:3:      layout_basic, uniq_crazy_yiuf_cottage
D:4:      layout_gridville, marbit_many_paths, first_ration, uniq_duvessa,
          uniq_sigmund, uniq_blork_the_orc
D:5:      layout_basic, minmay_temple_entry_slanted
D:6:      layout_rooms, gammafunk_temple_overflow_elements, serial_shops, shop,
          hangedman_decor_riveting
Temple:   pf_slimified_temple

Skill      XL: |  1  2  3  4  5  6  7  8 |
---------------+-------------------------+-----
Transmutations | 3 4 5 6 |  6.3
Spellcasting   | 3 4 |  4.2
Unarmed Combat | 5 6 |  6.1
Dodging        | 4 |  4.5
Fighting       | |  1.0

Action                   |  1- 3 |  4- 6 |  7- 9 || total
-------------------------+-------+-------+-------++-------
Melee: Unarmed           |    80 |   153 |   127 ||   360
       Constrict         |    22 |    23 |     7 ||    52
       Tentacles         |    13 |    12 |     4 ||    29
       Kick              |     4 |    13 |       ||    17
       Punch             |       |       |     1 ||     1
 Cast: Beastly Appendage |     3 |     6 |       ||     9
       Spider Form       |       |     8 |    12 ||    20
 Abil: End Transformatio |       |       |     1 ||     1
  Use: Scroll            |     2 |    15 |     3 ||    20
 Stab: Sleeping          |     6 |    14 |     3 ||    23
       Distracted        |     1 |       |       ||     1
  Eat: Chunk             |     3 |     8 |     7 ||    18
Armor: Skin              |    13 |    11 |     7 ||    31
Dodge: Dodged            |    34 |   101 |    92 ||   227

Table legend:
 A = Non-vault XP
 B = Vault XP
 C = Vault XP percentage of total XP
 D = Non-vault monster count
 E = Vault monster count
 F = Vault count percentage of total count
                 A         B        C        D         E       F
            +---------+---------+-------+---------+---------+-------
      Total |    1202 |     616 |  33.9 |      94 |      21 |  18.3
            +---------+---------+-------+---------+---------+-------
        D:1 |      28 |      27 |  49.1 |      13 |       7 |  35.0
        D:2 |      74 |      15 |  16.9 |      24 |       8 |  25.0
        D:3 |     114 |      41 |  26.5 |      24 |       1 |   4.0
        D:4 |     164 |     533 |  76.5 |      11 |       5 |  31.2
        D:5 |     579 |       0 |   0.0 |      14 |       0 |   0.0
        D:6 |     243 |       0 |   0.0 |       8 |       0 |   0.0
            +---------+---------+-------+---------+---------+-------
